 Dungeon Crawl Stone Soup version 0.23-a0-207-g93a313e (webtiles) character file.

1033 mandick the Ducker (level 8, 0/43 (46) HPs)
             Began as a Deep Elf Venom Mage on Sept 24, 2018.
             Slain by a shadow imp (6 damage)
             ... on level 6 of the Dungeon.
             The game lasted 00:33:18 (7574 turns).

mandick the Ducker (Deep Elf Venom Mage)            Turns: 7574, Time: 00:33:19

HP:   0/43 (46)     AC:  4    Str:  5    XL:     8   Next: 3%
MP:   7/16          EV: 16    Int: 23    God:
Gold: 255           SH:  0    Dex: 15    Spells: 5/15 levels left

rFire    . . .     SeeInvis .   o - +3 dagger
rCold    + . .     Gourm    .   (no shield)
rNeg     . . .     Faith    .   a - +0 robe
rPois    +         Spirit   .   i - +0 helmet
rElec    .         Reflect  .   (no cloak)
rCorr    .         Harm     .   p - +0 pair of gloves
MR       .....                  (no boots)
Stlth    ++........             (no amulet)
HPRegen  0.14/turn              s - ring of poison resistance
MPRegen  0.15/turn              y - ring of protection from cold

@: no status effects
A: no striking features
a: no special abilities


You were on level 6 of the Dungeon.
You were hungry.

You visited 1 branch of the dungeon, and saw 6 of its levels.

You collected 255 gold pieces.

Inventory:

Hand Weapons
 b - a +0 hand axe
 o - a +3 dagger (weapon)
 t - a +2 falchion of electrocution
 I - a +0 dagger of protection
Missiles
 k - a javelin (quivered)
 q - 2 poisoned javelins
 B - 13 tomahawks
Armour
 a - a +0 robe (worn)
 i - a +0 helmet (worn)
 p - a +0 pair of gloves (worn)
Jewellery
 s - a ring of poison resistance (left hand)
 v - an uncursed ring of flight
 y - a ring of protection from cold (right hand)
 D - a +3 ring of protection {unknown}
Wands
 w - a wand of paralysis (17)
Scrolls
 d - 2 scrolls of amnesia {unknown}
 e - a scroll of noise {unknown}
 g - 3 scrolls of identify {unknown}
 h - 2 scrolls of magic mapping {unknown}
 l - a scroll of fog {unknown}
 m - a scroll of immolation {unknown}
 n - 5 scrolls of blinking {unknown}
 u - 2 scrolls of fear {unknown}
 x - 2 scrolls of remove curse {unknown}
 z - a scroll of enchant weapon {unknown}
Potions
 f - a potion of brilliance
 r - 5 potions of might
 A - a potion of curing {unknown}
 C - a potion of mutation {unknown}
 E - a potion of flight {unknown}
 F - 2 potions of agility {unknown}
 G - a potion of heal wounds {unknown}
Comestibles
 c - 6 rations


   Skills:
 - Level 3.1 Fighting
 + Level 6.1 Dodging
 - Level 2.4 Stealth
 + Level 4.3 Spellcasting
 + Level 4.2 Conjurations
 + Level 2.7 Air Magic
 * Level 5.6 Poison Magic


You had 5 spell levels left.
You knew the following spells:

 Your Spells              Type           Power        Failure   Level  Hunger
a - Sting                 Conj/Pois      ####         1%          1    None
b - Poisonous Vapours     Pois/Air       ###...       2%          2    #......
c - Mephitic Cloud        Conj/Pois/Air  ###.....     5%          3    ##.....
d - Olgreb's Toxic Radia  Pois           ####....     10%         4    ####...

Your spell library contained the following spells:

 Spells                   Type           Power        Failure   Level  Hunger
 Venom Bolt               Conj/Pois      ####......   36%         5    ######.


Dungeon Overview and Level Annotations

Branches:
Dungeon (6/15)
 Temple: D:4-7

Altars:
Dithmenos
Elyvilon
Kikubaaqudgha
Makhleb


Message History

* * * LOW HITPOINT WARNING * * *
You hit the shadow imp.
The shadow imp is lightly wounded.
The shadow imp barely misses you.
You hit the shadow imp.
The shadow imp is moderately wounded.
The shadow imp barely misses you.
You barely miss the shadow imp.
The shadow imp is moderately wounded.
The shadow imp completely misses you.
You hit the shadow imp but do no damage.
The shadow imp is moderately wounded.
The shadow imp barely misses you.
You hit the shadow imp.
The shadow imp is heavily wounded.
The shadow imp barely misses you.
You hit the shadow imp.
The shadow imp is heavily wounded.
The shadow imp hits you.
You die...

## . #. ...##$###
####
......†.####.....
#@5.((..)..
#..#.........
##.#.........
#.#....###..
......... ######
#......##. ......
##...... .#
###### #.#..... #
#...##..#


You could see a shadow imp.

Vanquished Creatures
  Eustachio (D:4)
  A necrophage (D:5)
  A centaur (D:5)
  A bullfrog (D:6)
  A gnoll sergeant (D:3)
  A scorpion (D:5)
  4 orc wizards
  A hound (D:5)
  3 orc priests
  3 worker ants
  A howler monkey zombie (D:4)
  7 adders
  3 gnolls (D:3)
  A shadow imp (D:5)
  2 oozes
  4 worms
  A leopard gecko (D:1)
  21 orcs
  8 bats
  4 giant cockroaches
  5 goblins
  10 hobgoblins
  8 jackals
  5 quokkas
  4 ball pythons
  7 frilled lizards
  A giant cockroach zombie (D:5)
  8 kobolds
  A leopard gecko skeleton (D:4)
  A leopard gecko zombie (D:6)
  7 rats
126 creatures vanquished.

Notes
Turn   | Place    | Note
-------+----------+-------------------------------------------
     0 | D:1      | mandick the Deep Elf Venom Mage began the quest for the
                  | Orb.
     0 | D:1      | Reached XP level 1. HP: 10/10 MP: 6/6
   200 | D:1      | Reached XP level 2. HP: 15/15 MP: 6/8
  1015 | D:2      | Reached skill level 3 in Dodging
  1098 | D:2      | Reached XP level 3. HP: 19/19 MP: 5/10
  1341 | D:2      | Learned a level 2 spell: Poisonous Vapours
  1550 | D:2      | Reached skill level 1 in Air Magic
  1550 | D:2      | Reached XP level 4. HP: 24/24 MP: 2/11
  1573 | D:2      | Learned a level 3 spell: Mephitic Cloud
  2669 | D:3      | Noticed a gnoll sergeant
  2692 | D:3      | Killed a gnoll sergeant
  2692 | D:3      | Reached XP level 5. HP: 28/28 MP: 5/12
  3570 | D:3      | Reached skill level 5 in Poison Magic
  3570 | D:3      | Reached XP level 6. HP: 32/32 MP: 1/13
  4320 | D:4      | Noticed Eustachio
  4331 | D:4      | Killed Eustachio
  4331 | D:4      | Reached skill level 1 in Fighting
  4331 | D:4      | Reached skill level 4 in Dodging
  5045 | D:5      | Entered Level 5 of the Dungeon
  5074 | D:5      | Reached XP level 7. HP: 39/39 MP: 0/14
  5230 | D:5      | Found a white marble altar of Elyvilon.
  5806 | D:5      | Reached skill level 5 in Dodging
  6869 | D:5      | Found a burning altar of Makhleb.
  6869 | D:5      | Found an ancient bone altar of Kikubaaqudgha.
  6875 | D:5      | Found a faded altar of an unknown god.
  6880 | D:5      | Found a faded altar of an unknown god.
  6882 | D:5      | Found a shadowy altar of Dithmenos.
  7225 | D:6      | Learned a level 4 spell: Olgreb's Toxic Radiance
  7307 | D:6      | Reached skill level 6 in Dodging
  7564 | D:6      | Reached XP level 8. HP: 15/43 MP: 7/16
  7574 | D:6      | Slain by a shadow imp

Vault maps used:
D:1:      dpeg_arrival_rhombus
D:2:      kennysheep_six_static_rooms
D:3:      kennysheep_generic_room_9
D:4:      first_ration, uniq_eustachio
D:5:      lemuel_round_altar, chequers_temple_overflow_minitemple
D:6:      serial_shops, nicolae_shop_stone

Skill      XL: |  1  2  3  4  5  6  7 |
---------------+----------------------+-----
Dodging        | 3 4 6 |  6.1
Poison Magic   | 4 5 |  5.6
Air Magic      | 1 2 |  2.7
Conjurations   | 2 3 4 |  4.2
Fighting       | 1 3 |  3.1
Spellcasting   | 4 |  4.3
Stealth        | |  2.4

Action                   |  1- 3 |  4- 6 |  7- 9 || total
-------------------------+-------+-------+-------++-------
Melee: Hand axe          |    15 |       |       ||    15
       Dagger            |     9 |    77 |   197 ||   283
Throw: Javelin           |       |     4 |    23 ||    27
 Cast: Sting             |    34 |     2 |     2 ||    38
       Poisonous Vapours |     8 |    91 |    37 ||   136
       Mephitic Cloud    |       |     2 |     2 ||     4
  Use: Potion            |       |     4 |       ||     4
       Scroll            |       |       |     3 ||     3
 Stab: Sleeping          |     3 |     1 |     1 ||     5
       Confused          |       |       |     1 ||     1
  Eat: Chunk             |     2 |    12 |     2 ||    16
       Ration            |       |       |     2 ||     2
Armor: Robe              |    13 |    13 |    42 ||    68
       Skin              |       |     7 |       ||     7
Dodge: Dodged            |    27 |    64 |   143 ||   234

Table legend:
 A = Non-vault XP
 B = Vault XP
 C = Vault XP percentage of total XP
 D = Non-vault monster count
 E = Vault monster count
 F = Vault count percentage of total count
                 A         B        C        D         E       F
            +---------+---------+-------+---------+---------+-------
      Total |    1260 |     216 |  14.6 |     118 |       8 |   6.3
            +---------+---------+-------+---------+---------+-------
        D:1 |      17 |       0 |   0.0 |      10 |       0 |   0.0
        D:2 |     121 |      23 |  16.0 |      29 |       6 |  17.1
        D:3 |     285 |       2 |   0.7 |      34 |       1 |   2.9
        D:4 |      46 |     191 |  80.6 |      12 |       1 |   7.7
        D:5 |     529 |       0 |   0.0 |      22 |       0 |   0.0
        D:6 |     262 |       0 |   0.0 |      11 |       0 |   0.0
            +---------+---------+-------+---------+---------+-------
